 Dungeon Crawl Stone Soup version 0.29-a0-617-g7a6b98fccd (webtiles) character file.

Game seed: 1918069083747077384

176 gruber the Conjurer (level 5, 0/28 HPs)
             Began as a Deep Elf Conjurer on June 17, 2022.
             Succumbed to an orc wizard's poison
             ... on level 4 of the Dungeon.
             The game lasted 00:02:57 (3263 turns).

gruber the Conjurer (Deep Elf Conjurer)             Turns: 3263, Time: 00:02:57

Health: 0/28       AC:  8    Str:  4    XL:     5   Next: 30%
Magic:  2/14       EV: 12    Int: 25    God:
Gold:   226        SH:  0    Dex: 13    Spells: 3/13 levels left

rFire   . . .      SeeInvis .   f - +2 short sword (speed)
rCold   + . .      Faith    .   (no shield)
rNeg    . . .      Spirit   .   t - +2 robe of Feorr {rC+}
rPois   .          Reflect  .   (no helmet)
rElec   .          Harm     .   (no cloak)
rCorr   .          Rampage  .   (no gloves)
Will    .....                   (no boots)
Stlth   +.........              (no amulet)
HPRegen 0.09/turn               g - +4 ring of protection
MPRegen 0.14/turn               (no ring)

@: confused, lethally poisoned (0 -> -3)
A: no striking features
a: no special abilities


You were on level 4 of the Dungeon.
You visited 1 branch of the dungeon, and saw 4 of its levels.

You collected 226 gold pieces.

Inventory:

Hand Weapons
 f - a +2 short sword of speed (weapon)
Armour
 t - the +2 robe of Feorr (worn) {rC+}
   (You found it on level 3 of the Dungeon)

   rC:        It protects you from cold.
Jewellery
 g - a +4 ring of protection (left hand)
Wands
 p - a wand of iceblast (11)
Scrolls
 a - a scroll of immolation {unknown}
 c - 2 scrolls of teleportation {unknown}
 h - 10 scrolls of identify {unknown}
 n - a scroll of summoning {unknown}
 o - a scroll of amnesia {unknown}
 r - 2 scrolls of enchant armour {unknown}
 s - a scroll of magic mapping {unknown}
Potions
 b - a potion of magic
 d - 2 potions of degeneration {unknown}
 e - 7 potions of curing {unknown}
 i - 2 potions of berserk rage {unknown}
 j - 3 potions of might {unknown}
 k - 2 potions of lignification {unknown}
 l - 3 potions of attraction {unknown}
 m - a potion of resistance {unknown}
 q - 2 potions of haste {unknown}


   Skills:
 - Level 2.4 Dodging
 - Level 2.4 Stealth
 + Level 4.7 Spellcasting
 + Level 6.6 Conjurations


You had 3 spell levels left.
You knew the following spells:

 Your Spells              Type           Power      Damage    Failure   Level
a - Magic Dart            Conj           100%       1d8       1%          1
b - Searing Ray           Conj           76%        2d7       1%          2
c - Dazzling Flash        Conj/Hex       44%        N/A       7%          3
d - Fulminant Prism       Conj/Hex       11%        3d9       22%         4

Your spell library contained the following spells:

 Spells                   Type           Power      Damage    Failure   Level
 Iskenderun's Mystic Bla  Conj/Tloc      22%        2d6       22%         4


Dungeon Overview and Level Annotations

Branches:
Dungeon (4/15)             Temple (0/1) D:4

Altars:
Zin
The Shining One

Shops:
D:4 *(


Message History

An orc wizard comes into view. It is wielding a +0 dagger.
You hit the orc wizard but do no damage.
The orc wizard is severely wounded.
The orc wizard mumbles some strange words.
The orc wizard flickers and vanishes!
Deactivating autopickup; reactivate with Ctrl-A.
You barely miss something.
A hobgoblin comes into view.
The orc wizard casts a spell at you.
You are confused.
Something hits you.
You are poisoned.
You're too confused to move!
You feel very sick. Something hits you but does no damage.
You are more poisoned.
You feel very sick.
The hobgoblin shouts!
The orc barely misses you.
You hear some strange, mumbled words.
You are more confused.
Something hits you but does no damage.
You feel sick. The orc hits you but does no damage.
You hear some strange, mumbled words.
A puff of flame appears from out of thin air!
The puff of flame hits you.
* * * LOW HITPOINT WARNING * * *
You feel very sick.
You hear some strange, mumbled words.
A puff of flame appears from out of thin air!
The puff of flame hits you.
* * * LOW HITPOINT WARNING * * *
* * * LOW HITPOINT WARNING * * *
You feel sick. The orc attacks as you move away!
The orc hits you but does no damage.
* * * LOW HITPOINT WARNING * * *
You feel sick. The hobgoblin closely misses you.
* * * LOW HITPOINT WARNING * * *
You feel sick. The orc closely misses you.
You die...

#### #... #######
#...######## #.....##
####..........###.....##
......................'.
#...........###.....##
#....@......# #.......
##...g......# #.......
####...oo.....###.......
.....................#..
.##.)....#####.).....#..
#......##.........†#..
#......##..........#..
......$..##..........###
.........##...#####.####


You could see an orc wizard, an orc and a hobgoblin.

Vanquished Creatures
  An orc wizard (D:4)
  3 gnolls (D:2)
  5 adders
  An ufetubus (D:4)
  2 worms (D:2)
  2 dart slugs
  3 ball pythons
  7 bats
  3 endoplasms
  2 giant cockroaches (D:3)
  5 goblins
  6 hobgoblins
  7 kobolds
  3 quokkas
  7 frilled lizards
  8 rats
65 creatures vanquished.

Vanquished Creatures (others)
  A fungus (D:1)
  2 plants (D:1)
3 creatures vanquished.

Grand Total: 68 creatures vanquished

Notes
Turn   | Place    | Note
-------+----------+-------------------------------------------
     0 | D:1      | gruber the Deep Elf Conjurer began the quest for the Orb.
     0 | D:1      | Reached XP level 1. HP: 10/10 MP: 6/6
   201 | D:1      | Reached XP level 2. HP: 15/15 MP: 2/8
   296 | D:1      | Reached skill level 5 in Conjurations
   841 | D:1      | Learned a level 2 spell: Searing Ray
   894 | D:1      | Found a faded altar of an unknown god.
  1139 | D:2      | Reached XP level 3. HP: 19/19 MP: 5/9
  1800 | D:2      | Reached XP level 4. HP: 24/24 MP: 9/11
  2086 | D:2      | Reached skill level 6 in Conjurations
  2246 | D:2      | Learned a level 3 spell: Dazzling Flash
  2550 | D:3      | Found a glowing silver altar of Zin.
  2791 | D:3      | Identified the +2 robe of Feorr {rC+}
  2898 | D:3      | Reached XP level 5. HP: 28/28 MP: 8/13
  2979 | D:3      | Learned a level 4 spell: Fulminant Prism
  3052 | D:4      | Found Ycyetux's Weapon Boutique.
  3070 | D:4      | Found a glowing golden altar of the Shining One.
  3135 | D:4      | Found a staircase to the Ecumenical Temple.
  3152 | D:4      | Found Tihiy's Assorted Antiques.
  3262 | D:4      | HP: 1/28 [poisoned by an orc wizard]
  3263 | D:4      | Succumbed to an orc wizard's poison

Illustrated notes

Levels and vault maps discovered:
D:1:      shiori_arrival_oz, layout_basic, shapermc_ecumenical_altar_petra,
          dk_noncrumbling_4, solitary_fountain
D:2:      minmay_chambers_of_twos, layout_loops_corners
D:3:      layout_basic, zin_scriptorium
D:4:      layout_basic, tso_metal_star, temple_green, serial_shops,
          nicolae_stop_n_shop_2, nicolae_stop_n_shop_1,
          nicolae_shop_advertising_works [nicolae_subvault_shop_adworks]

Skill      XL: |  1  2  3  4 |
---------------+-------------+-----
Conjurations   | 5 6 |  6.6
Spellcasting   | 4 |  4.7
Dodging        | |  2.4
Stealth        | |  2.4

Action                   |  1- 3 |  4- 6 || total
-------------------------+-------+-------++-------
Melee: Short sword       |       |     7 ||     7
       Punch             |       |     1 ||     1
 Cast: Magic Dart        |    66 |    57 ||   123
       Searing Ray       |     3 |     1 ||     4
 Stab: Sleeping          |       |     1 ||     1
Armor: Robe              |     5 |     6 ||    11
Dodge: Dodged            |     8 |     4 ||    12

Table legend: (Time is in decaauts)
 A = Elapsed time spent in this place.
 B = Non-inter-level travel time spent in this place.
 C = Inter-level travel time spent in this place.
 D = Time resting spent in this place.
 E = Time spent auto-exploring this place.
 F = Levels seen in this place.
 G = Mean time per level.
                   A        B        C        D        E       F      G
               +--------+--------+--------+--------+--------+-----+--------+
         Total |   3259 |   3157 |    102 |      0 |   2842 |   4 |  814.8 |
       Dungeon |   3259 |   3157 |    102 |      0 |   2842 |   4 |  814.8 |
               +--------+--------+--------+--------+--------+-----+--------+

Top non-repeatable levels by time:
     D:2: 1518 daAuts
     D:1: 919 daAuts
     D:3: 612 daAuts
     D:4: 209 daAuts
